Merino, chaotic male elven Priest --- --- |.. ---- |..--- --- --..--------|..| |.....--- ---..| |......--.|.|.)| ........-- |@G..### |..............-- |......------ ---.u- .| |...............| -......--.--|...| - |.............<-- ---- -........-#.----- --............-| --..----|...........>...| --............#)#.[....---^...).........-- |...........-----....(..................--- ----........)*....*-------....|.-[-.....^.| --........----------.---...---- #.......---- |.........-- |.......-| --[.........| --..........-- |........-- |(.........-- --............| --........| --.........-- --............-- ---.|....#--....----.-- |............-- ----.--.......| -- --.....(.....| -----.....-- |..--.---.--- ---.--- --- --- --- --- Merino the Acolyte Experience level: 5 Strength: 13 Dexterity: 12 Constitution: 11 Intelligence: 10 Wisdom: 19 Charisma: 12 Health: 0(32) Energy: 51(51) Def: 7 Gold: 0 Moves: 1949 Dungeon seed: bN5c7CHU81C7P_a5 Game ID: Merino_1615042991 Your Inventory: Weapons a - a blessed greased +1 mace (weapon in hand) m - a +0 sling v - a -1 silver saber D - 6 +0 arrows (in quiver) E - a +0 bow (alternate weapon; not wielded) Armor e - a +0 robe (being worn) n - a +0 small shield (being worn) y - a +0 dwarvish iron helm (being worn) z - a +0 pair of iron shoes (being worn) Comestibles c - a clove of garlic Scrolls H - a scroll of enchant weapon Potions F - a blessed potion of hallucination Wands k - a wand of light (0:12) G - a wand of nothing (0:5) Tools h - an oil lamp (0:1136) i - a leather drum l - a skeleton key p - a sack s - a tinning kit (0:95) u - 4 tallow candles (0:200) A - a +0 pick-axe Gems q - a worthless piece of black glass Contents of the sack: 177 gold pieces a spellbook of charm monster a spellbook of extra healing a spellbook of remove curse 4 potions of holy water a blessed potion of oil a blindfold a can of grease (0:19) an obsidian stone a worthless piece of red glass a worthless piece of white glass a worthless piece of yellow glass Spells and supernatural/magical abilities: Name Level Category Fail Memory r - remove curse 3 clerical 0% 91% x - extra healing 3 healing 74% 91% W - pray for help -- divine ? -- X - turn undead -- divine ? -- Your skills at the end: Fighting Skills Weapon Skills mace [Basic] Spellcasting Skills clerical spells [Basic] Final Attributes: You were piously aligned. You were sleep resistant. You had infravision. You are dead. Vanquished creatures: 2 gnome lords a gray ooze a baby crocodile a little dog 5 dwarves a centipede a dwarf zombie a hobbit a large kobold a hobgoblin 17 gnomes 5 garter snakes a gnome zombie 2 geckos 9 jackals a kobold a sewer rat 4 grid bugs 4 lichens 3 kobold zombies 6 newts 68 creatures vanquished. Voluntary challenges: You used a wielded weapon 58 times, starting on turn 35. You read items or engraved 2 times, starting on turn 244. You never genocided any monsters. You never polymorphed an object. You never changed form. You used no wishes. You never split a pudding. You never wrote Elbereth's name. You never violated your personal moral code. Dungeon overview: The Dungeons of Doom: levels 1 to 2 Level 1 a long staircase Level 2 a hardware shop stairs to The Gnomish Mines The Gnomish Mines: levels 3 to 4 Level 3 stairs to The Dungeons of Doom Level 4 <- You were here History has recorded: On T:1 you entered the Dungeons of Doom to retrieve the Amulet of Yendor! On T:351 you reached level 2 of The Dungeons of Doom. On T:871 you advanced to experience level 2. On T:1090 you reached level 1 of The Gnomish Mines. On T:1103 you advanced to experience level 3. On T:1131 you advanced to experience level 4. On T:1613 you reached level 2 of The Gnomish Mines. On T:1677 you advanced to experience level 5. Score breakdown: Gold: 177 ( 7655 points) Experience: 5 levels (11141 points) Exploration: 4 levels ( 7.69%) ( 7276 points) Discoveries: 4 items ( 1.40%) ( 3554 points) Valuables value: (no points given unless you survive) Artifact value: 0 ( 0 points) Variety of kills: 21 monsters ( 5.51%) ( 7043 points) Turncount: 1949 turns ( 0 points) Survival: died (score multiplied by 80%) Total score: 29335 Latest messages: The baby crocodile bites! You hit the baby crocodile! The baby crocodile bites! Qwerty bites the baby crocodile. The baby crocodile bites Qwerty. You kill the baby crocodile! You see here a scroll labeled READ ME. You have a little trouble lifting H - a scroll labeled READ ME. The gnome lord hits! You hit the gnome lord. The pony hits the gray ooze. The pony bites the gray ooze. The gray ooze misses the pony. The gnome lord hits! You begin praying to Anhur. The pony hits the gray ooze. The pony misses the gray ooze. The gray ooze misses the pony. The pony hits the gray ooze. The gray ooze is killed! The gnome lord hits! The pony hits the gnome lord. The pony bites the gnome lord. The gnome lord hits! You die... Final status: Goodbye Merino the Priest, killed by a gnome lord, while praying... You died in The Gnomish Mines on dungeon level 4 with 29335 points, and 177 pieces of gold, after 1949 moves. You were level 5 with a maximum of 32 hit points when you died.